 Dungeon Sprint DCSS version 0.30.1-9-gdf580d7c3d (webtiles) character file.

Game seed: 9404741326278349320

70062 Heoruswealwe the Minotaur Porcupine (level 14, -3/243 HPs)
             Began as a Minotaur Fighter on Oct 15, 2023.
             Was an Initiate of Gozag.
             Slain by Mennas
             ... wielding a +0 sacred scourge of holy wrath
              (5 damage)
             ... in the Dungeon (Sprint IX: "|||||||||||||||||||||||||||||") on Oct 17, 2023.
             The game lasted 00:46:41 (4685 turns).

Heoruswealwe the Minotaur Porcupine (MiFi)          Turns: 4685, Time: 00:46:42

Health: -3/243     AC: 46    Str: 29    XL:     14   Next: 92%
Magic:  13/13      EV: 12    Int:  5    God:    Gozag
Gold:   881        SH:  0    Dex: 10    Spells: 13/13 levels left

rFire   + . .        b - +2 halberd (vamp)
rCold   + . .        (shield currently unavailable)
rNeg    + . .        c - +6 gold dragon scales
rPois   +            g - +2 hat {SInv}
rElec   +            h - +0 cloak
rCorr   .            f - +1 pair of gloves
SInv    +            e - +1 pair of boots
Will    +....        (no amulet) Stlth
                     k - +3 ring of strength
HPRegen 0.60/turn    j - ring of Weryjeih {rElec rN+ AC+4}
MPRegen 0.13/turn

%: no teleportation
@: mighty, berserking (expiring), hasted, glowing, very quick
A: horns 2, retaliatory headbutt
a: Renounce Religion, Potion Petition, Call Merchant, Bribe Branch


You were in the Dungeon.
You worshipped Gozag.
Gozag was pleased with you.
You visited 1 branch You collected 18531 gold pieces.
You spent 9773 gold pieces at shops.
You paid 7877 gold pieces to Gozag.

Inventory:

Hand Weapons
 a - a +1 trident of flaming
 b - a +2 vampiric halberd (weapon)
 r - a +1 glaive
 B - the +7 lajatang of Order {silver, rMut}
   (You bought it in a shop in the Dungeon)

   rMut:      It protects you from mutation.
Armour
 c - +6 gold dragon scales (worn)
 d - a +0 kite shield
 e - a +1 pair of boots (worn)
 f - a +1 pair of gloves (worn)
 g - a +2 hat of see invisible (worn)
 h - a +0 cloak (worn)
Jewellery
 j - the ring of Weryjeih (right hand) {rElec rN+ AC+4}
   (You bought it in a shop in the Dungeon)

   [ring of protection]

   AC:        It affects your AC (+4).
   rElec:     It insulates you from electricity.
   rN:        It protects you from negative energy.
 k - a +3 ring of strength (left hand)
 t - a ring of protection from fire
 y - a ring of protection from cold
 z - a ring of protection from cold
 D - the ring of the Mage {Wiz Archmagi}
   (You bought it in a shop in the Dungeon)

   [ring of wizardry]

   It improves your spell success rate.
   Archmagi:  It increases the power of your magical spells.
Wands
 i - a wand of quicksilver (11)
 u - a wand of mindburst (6)
Scrolls
 o - 6 scrolls of identify
 x - 5 scrolls of blinking
 C - 4 scrolls of enchant weapon
Potions
 l - a potion of curing
 n - a potion of mutation
 q - 2 potions of haste
 s - a potion of resistance
 v - a potion of cancellation
Miscellaneous
 w - a box of beasts
 E - a phial of floods
 F - a condenser vane
 G - a piece from Xom's chessboard (15/15)


   Skills:
 + Level 25.0 Fighting
 O Level 27 Polearms
 + Level 25.0 Armour
 + Level 14.0 Dodging
 + Level 15.6 Shields
 + Level 11.9 Evocations


You had 13 spell levels left.
You didn't know any spells.
Your spell library contained the following spells:

 Spells                   Type           Power      Damage    Failure   Level
 Inner Flame              Hex/Fire       0%         N/A       100%        3
 Flame Wave               Conj/Fire      0%         2d4       100%        4
 Sticky Flame             Conj/Fire      0%         2d3       100%        4


Dungeon Overview and Level Annotations

Branches:
Dungeon (1/1)

Altars:
Cheibriados
Dithmenos
Elyvilon
Fedhas
Gozag
Hepliaklqana
Kikubaaqudgha
Makhleb
Nemelex Xobeh
Okawaru
Qazlal
Ru
Sif Muna
Trog
Uskayaw
Vehumet
Wu Jian
Xom
Yredelemnul
Zin
The Shining One
Jiyva
Lugonu

Shops:
D *=(*(*(***=

Annotations:
D Mennas


Innate Abilities, Weirdness & Mutations

You have a pair of horns on your head.
You reflexively headbutt those who attack you in melee.


Message History

Mennas blocks your attack.
Your headbutt misses Mennas.
Mennas is moderately wounded.
Mennas is caught in a moment of prayer.
Mennas hits you but does no damage. x2
Mennas blocks your attack.
Your headbutt misses Mennas.
Mennas is moderately wounded.
Mennas barely misses you. You furiously retaliate!
You headbutt Mennas!
Mennas hits you with a +0 sacred scourge of holy wrath!
* * * LOW HITPOINT WARNING * * *
Mennas blocks your attack.
Your headbutt misses Mennas.
Mennas is moderately wounded.
Mennas barely misses you.
Mennas hits you with a +0 sacred scourge of holy wrath!
* * * LOW HITPOINT WARNING * * *
You hit Mennas. Your headbutt misses Mennas.
Mennas is moderately wounded.
Mennas hits you but does no damage. x4
Mennas blocks your attack.
Your headbutt misses Mennas.
Mennas is moderately wounded.
Mennas blocks your attack.
Mennas is moderately wounded.
Mennas hits you with a +0 sacred scourge of holy wrath.
* * * LOW HITPOINT WARNING * * *
Mennas hits you but does no damage. Mennas blocks your attack.
Mennas is moderately wounded.
Mennas hits you but does no damage. x2
You closely miss Mennas.
Mennas is moderately wounded.
Mennas completely misses you. You furiously retaliate!
You headbutt Mennas. Mennas hits you but does no damage.
Mennas blocks your attack.
Your headbutt misses Mennas.
Mennas is moderately wounded.
Mennas hits you but does no damage. x2
You completely miss Mennas. Mennas blocks your attack.
Mennas is moderately wounded.
Mennas becomes audible again.
Mennas hits you with a +0 sacred scourge of holy wrath.
You die...
Your body crumbles into a pile of gold.

...............................▓
▓▓▓▓▓▓▓▓▓▓▓▓▓▓▓▓▓▓▓▓▓▓▓▓▓▓▓▓▓▓▓▓
........'[)))).!(.'.∩..........▓
▓▓▓▓▓▓▓▓▓▓▓▓▓▓▓▓▓▓▓▓▓▓▓▓▓▓▓▓▓▓.▓
)..............................▓
▓▓▓▓▓▓▓▓▓▓▓▓▓▓▓▓▓▓▓▓▓▓▓▓▓▓▓▓▓▓▓▓
)))...))).[).))..)...'.........▓
▓▓▓▓▓▓▓▓▓▓▓▓▓▓▓▓▓▓▓▓▓▓▓▓▓▓▓▓▓▓.▓
,,,,,,,,,......A@...)..........▓
*********▓▓▓▓▓▓▓▓▓▓▓▓▓▓▓▓▓▓▓▓▓▓▓
,,,,,,,,,,,,,,,,,,,,+,,,,,,,,,,*
******************************,*
,,,,,,,,,,,,,,,,,,,,,,,,,,,,,,,*
********************************
,,,,,,,,,,,,+,,,,,,,,,,,,,+,,,,*
******************************,*
,,,,,,,,,,,,,,,,,,,,,,,,,,,,,,,*


You could see Mennas (fast).

Vanquished Creatures
  Jory (D)
  A tentacled monstrosity (D)
  A sphinx (D)
  Gastronok (D)
  Agnes (D)
  A nagaraja (D)
  3 fire giants (D)
  A frost giant (D)
  An emperor scorpion (D)
  An iron dragon (D)
  2 vault wardens (D)
  Aizul (D)
  3 ironbound preservers (D)
  3 stone giants (D)
  An ironbound thunderhulk (D)
  A vampire knight (D)
  An eleionoma (D)
  2 bunyips (D)
  A spark wasp (D)
  Snorg (D)
  5 ettins (D)
  A merfolk impaler (D)
  A yaktaur captain (D)
  Josephine (D)
  A rakshasa (D)
  A great orb of eyes (D)
  2 boulder beetles (D)
  2 ice dragons (D)
  2 centaur warriors (D)
  3 hydras (D)
  2 ghost crabs (D)
  2 ironbound frosthearts (D)
  A two-headed ogre (D)
  3 death yaks (D)
  A catoblepas (D)
  2 tengu warriors (D)
  An alligator (D)
  2 deep troll shamans (D)
  A deep troll earth mage (D)
  2 shock serpents (D)
  2 spriggan berserkers (D)
  2 sea snakes (D)
  A naga ritualist (D)
  4 ironbound convokers (D)
  2 wizards (D)
  3 orc knights (D)
  A mana viper (D)
  A wolf spider (D)
  A steelbarb worm (D)
  6 orc sorcerers (D)
  2 cyclopes (D)
  2 manticores (D)
  An ugly thing (D)
  A moth of wrath (D)
  A guardian serpent (D)
  2 demonic crawlers (D)
  3 merfolk sirens (D)
  A naga mage (D)
  A torpor snail (D)
  2 black mambas (D)
  3 vault sentinels (D)
  4 cane toads (D)
  A rime drake (D)
  A komodo dragon (D)
  A tyrant leech (D)
  2 merfolk (D)
  A polar bear (D)
  A hornet (D)
  2 hornets (shapeshifter) (D)
  A jumping spider (D)
  A dream sheep (D)
  2 slime creatures (D)
  A spriggan (D)
  A water elemental (D)
  4 wraiths (D)
  5 yaks (D)
  A redback (D)
  A basilisk (D)
  2 vampire mosquitoes (D)
  An acid dragon (D)
  2 water moccasins (D)
  11 orc warriors (D)
  A centaur (D)
  An ogre (D)
  A wolf (D)
  3 bullfrogs (D)
  A gnoll sergeant (D)
  4 orc priests (D)
  2 iguanas (D)
  11 orc wizards (D)
  A shadow imp (D)
  5 orcs (D)
  An endoplasm (D)
  A goblin (D)
  A hobgoblin (D)
  A quokka (D)
  A bat (D)
187 creatures vanquished.

Notes
Turn   | Place    | Note
-------+----------+-------------------------------------------
     0 | D        | Heoruswealwe the Minotaur Fighter began the quest for the
                  | Orb.
     0 | D        | Reached XP level 1. HP: 19/19 MP: 0/0
     6 | D        | Reached skill level 3 in Polearms
    21 | D        | Noticed an iguana
    21 | D        | Noticed an ogre
    21 | D        | Noticed an iguana
    27 | D        | Killed an iguana
    28 | D        | Reached skill level 5 in Fighting
    28 | D        | Reached skill level 5 in Polearms
    28 | D        | Reached skill level 5 in Armour
    28 | D        | Reached XP level 2. HP: 25/29 MP: 1/1
    28 | D        | Reached XP level 3. HP: 32/36 MP: 2/2
    39 | D        | Killed an ogre
    40 | D        | Reached skill level 8 in Polearms
    40 | D        | Reached XP level 4. HP: 33/45 MP: 3/3
    45 | D        | Reached skill level 9 in Polearms
    45 | D        | Reached XP level 5. HP: 39/52 MP: 4/4
    51 | D        | Found a snail-covered altar of Cheibriados.
    51 | D        | Found a shadowy altar of Dithmenos.
    51 | D        | Found a white marble altar of Elyvilon.
    51 | D        | Found a blossoming altar of Fedhas.
    51 | D        | Found an opulent altar of Gozag.
    52 | D        | Found a hazy altar of Hepliaklqana.
    53 | D        | Found a viscous altar of Jiyva.
    54 | D        | Found an ancient bone altar of Kikubaaqudgha.
    55 | D        | Found a corrupted altar of Lugonu.
    56 | D        | Found a burning altar of Makhleb.
    57 | D        | Found a sparkling altar of Nemelex Xobeh.
    58 | D        | Found an iron altar of Okawaru.
    59 | D        | Became a worshipper of Gozag Ym Sagoz the Greedy
    60 | D        | Found a stormy altar of Qazlal.
    61 | D        | Found a sacrificial altar of Ru.
    62 | D        | Found a shimmering blue altar of Sif Muna.
    63 | D        | Found a bloodstained altar of Trog.
    64 | D        | Found a hide-covered altar of Uskayaw.
    65 | D        | Found a radiant altar of Vehumet.
    66 | D        | Found an ornate altar of the Wu Jian Council.
    67 | D        | Found a shimmering altar of Xom.
    68 | D        | Found a basalt altar of Yredelemnul.
    69 | D        | Found a glowing silver altar of Zin.
    70 | D        | Found a glowing golden altar of the Shining One.
   131 | D        | Noticed a centaur
   131 | D        | Noticed a vampire mosquito
   131 | D        | Noticed an orc warrior
   131 | D        | Noticed an acid dragon
   133 | D        | Killed a centaur
   134 | D        | Reached skill level 10 in Polearms
   134 | D        | Killed a vampire mosquito
   135 | D        | Reached skill level 11 in Polearms
   135 | D        | Reached XP level 6. HP: 55/63 MP: 5/5
   137 | D        | Killed an orc warrior
   138 | D        | Reached skill level 12 in Polearms
   150 | D        | Reached XP level 7. HP: 60/71 MP: 6/6
   154 | D        | Reached skill level 10 in Fighting
   154 | D        | Reached skill level 13 in Polearms
   154 | D        | Reached skill level 10 in Armour
   213 | D        | Noticed a cyclops
   213 | D        | Noticed a two-headed ogre
   213 | D        | Noticed a brown ugly thing
   213 | D        | Noticed a rakshasa
   213 | D        | Noticed a boulder beetle
   213 | D        | Noticed a centaur warrior
   218 | D        | Killed a cyclops
   219 | D        | Reached skill level 14 in Polearms
   219 | D        | Reached XP level 8. HP: 66/82 MP: 7/7
   221 | D        | Killed a two-headed ogre
   222 | D        | Reached skill level 16 in Polearms
   227 | D        | Killed a brown ugly thing
   228 | D        | Reached XP level 9. HP: 61/92 MP: 8/8
   240 | D        | Killed a rakshasa
   241 | D        | Reached skill level 17 in Polearms
   245 | D        | Killed a centaur warrior
   246 | D        | Reached skill level 18 in Polearms
   257 | D        | Killed a boulder beetle
   258 | D        | Reached skill level 19 in Polearms
   602 | D        | Noticed a cane toad
   602 | D        | Noticed a cane toad
   609 | D        | Killed a cane toad
   610 | D        | Reached XP level 10. HP: 88/104 MP: 9/9
   621 | D        | Killed a cane toad
   624 | D        | Reached skill level 20 in Polearms
   631 | D        | Reached skill level 15 in Fighting
   631 | D        | Reached skill level 15 in Armour
   713 | D        | Noticed a cane toad
   713 | D        | Noticed a four-headed hydra
   717 | D        | Noticed a cane toad
   719 | D        | Killed a cane toad
   720 | D        | Noticed a five-headed hydra
   731 | D        | Killed a six-headed hydra
   732 | D        | Reached skill level 21 in Polearms
   735 | D        | Killed a nine-headed hydra
   741 | D        | Killed a cane toad
   748 | D        | Reached XP level 11. HP: 77/114 MP: 10/10
   833 | D        | Noticed a catoblepas
   833 | D        | Noticed a death yak
   833 | D        | Noticed a death yak
   836 | D        | Noticed a death yak
   850 | D        | Killed a catoblepas
   851 | D        | Reached skill level 22 in Polearms
   862 | D        | Killed a death yak
   868 | D        | Killed a death yak
   871 | D        | Killed a death yak
   878 | D        | Reached skill level 23 in Polearms
  1139 | D        | Noticed Gastronok
  1152 | D        | Killed Gastronok
  1277 | D        | Noticed an ettin
  1289 | D        | Killed an ettin
  1361 | D        | Noticed an orc knight
  1365 | D        | Noticed an orc knight
  1368 | D        | Reached skill level 24 in Polearms
  1376 | D        | Noticed an orc knight
  1380 | D        | Killed an orc knight
  1390 | D        | Killed an orc knight
  1395 | D        | Killed an orc knight
  1547 | D        | Found Qodghy's Jewellery Emporium.
  1547 | D        | Noticed an orc sorcerer
  1547 | D        | Noticed an orc sorcerer
  1548 | D        | Noticed an orc sorcerer
  1553 | D        | Killed an orc sorcerer
  1554 | D        | Killed an orc sorcerer
  1555 | D        | Reached XP level 12. HP: 127/128 MP: 11/11
  1558 | D        | Found Neypei's Weapon Shoppe.
  1561 | D        | Reached skill level 25 in Polearms
  1564 | D        | Found Qodytan's General Store.
  1567 | D        | Found Pod Nuf's Antique Weapon Shoppe.
  1585 | D        | Paralysed by an orc sorcerer for 5 turns
  1686 | D        | Bought a potion of heal wounds for 65 gold pieces
  1686 | D        | Bought a scroll of identify for 26 gold pieces
  1686 | D        | Bought a potion of resistance for 130 gold pieces
  1686 | D        | Bought a scroll of identify for 26 gold pieces
  1686 | D        | Bought a scroll of magic mapping for 97 gold pieces
  1712 | D        | Bought a scroll labelled HIBLASHR XOXTO for 31 gold pieces
  1712 | D        | Bought a wooden wand for 124 gold pieces
  1712 | D        | Bought a murky white potion for 27 gold pieces
  1712 | D        | Bought a scroll of identify for 62 gold pieces
  1717 | D        | Bought a +2 vampiric halberd for 408 gold pieces
  1754 | D        | Bought a scroll of identify for 30 gold pieces
  1757 | D        | Bought a potion of haste for 130 gold pieces
  1757 | D        | Bought a box of beasts for 520 gold pieces
  1757 | D        | Bought a scroll of poison for 52 gold pieces
  1757 | D        | Bought a wand of quicksilver (5) for 273 gold pieces
  1757 | D        | Bought a scroll of identify for 26 gold pieces
  1757 | D        | Bought a scroll of identify for 26 gold pieces
  1801 | D        | Bought the ring of Weryjeih {rElec rN+ AC+4} for 867 gold
                  | pieces
  1982 | D        | Noticed a centaur warrior
  2006 | D        | Noticed a fire giant
  2009 | D        | Killed a centaur warrior
  2010 | D        | Noticed an ice dragon
  2022 | D        | Reached skill level 26 in Polearms
  2023 | D        | Noticed an ettin
  2029 | D        | Killed a fire giant
  2032 | D        | Noticed a deep troll shaman
  2036 | D        | Killed an ice dragon
  2037 | D        | Noticed a spark wasp
  2043 | D        | Killed an ettin
  2046 | D        | Noticed a deep troll earth mage
  2049 | D        | Killed a deep troll shaman
  2056 | D        | Killed a spark wasp
  2062 | D        | Killed a deep troll earth mage
  2063 | D        | Reached skill level 27 in Polearms
  2067 | D        | Noticed a stone giant
  2074 | D        | Killed a stone giant
  2214 | D        | Bought the ring of the Mage {Wiz Archmagi} for 816 gold
                  | pieces
  2214 | D        | Found the ring of the Mage {Wiz Archmagi}
  2433 | D        | Noticed a bunyip
  2433 | D        | Noticed a ghost crab
  2433 | D        | Noticed a ghost crab
  2433 | D        | Noticed an alligator
  2433 | D        | Noticed a bunyip
  2433 | D        | Noticed a seven-headed hydra
  2438 | D        | Killed a bunyip
  2444 | D        | Killed a ghost crab
  2445 | D        | Noticed an eleionoma
  2447 | D        | Killed a ghost crab
  2459 | D        | Killed an eleionoma
  2460 | D        | Reached skill level 1 in Dodging
  2460 | D        | Reached skill level 1 in Evocations
  2460 | D        | Reached XP level 13. HP: 106/143 MP: 12/12
  2469 | D        | Killed a bunyip
  2470 | D        | Reached skill level 5 in Shields
  2548 | D        | Bought a scroll of vulnerability for 64 gold pieces
  2548 | D        | Bought a condenser vane for 640 gold pieces
  2548 | D        | Bought a scroll of identify for 32 gold pieces
  2595 | D        | Noticed a nagaraja
  2624 | D        | Reached skill level 5 in Dodging
  2626 | D        | Killed a nagaraja
  2649 | D        | Reached skill level 5 in Evocations
  2717 | D        | Noticed an emperor scorpion
  2733 | D        | Killed an emperor scorpion
  2871 | D        | Noticed a merfolk impaler
  2880 | D        | Killed a merfolk impaler
  2951 | D        | Bought a steaming ivory amulet for 175 gold pieces
  2951 | D        | Identified the amulet of Fipaplul {Faith rF+} (You bought
                  | it in a shop in the Dungeon)
  2951 | D        | Bought a potion of curing for 105 gold pieces
  2951 | D        | Bought a viscous cyan potion for 31 gold pieces
  2951 | D        | Bought a brightly glowing brass ring for 175 gold pieces
  2951 | D        | Identified the ring of Zifi {+Blink rPois rF+ Will+ Int-2}
                  | (You bought it in a shop in the Dungeon)
  2951 | D        | Bought a scroll of enchant armour for 262 gold pieces
  2951 | D        | Bought a scroll of blinking for 262 gold pieces
  2981 | D        | Noticed Snorg
  2991 | D        | Killed Snorg
  2992 | D        | Reached skill level 10 in Shields
  3010 | D        | Noticed Agnes
  3020 | D        | Killed Agnes
  3121 | D        | Noticed Aizul
  3158 | D        | Killed Aizul
  3183 | D        | Noticed Josephine
  3197 | D        | Killed Josephine
  3444 | D        | Noticed a stone giant
  3444 | D        | Noticed a sphinx
  3444 | D        | Noticed an ettin
  3444 | D        | Noticed an ettin
  3445 | D        | Noticed an iron dragon
  3452 | D        | Killed a stone giant
  3469 | D        | Reached XP level 14. HP: 157/157 MP: 13/13
  3474 | D        | Killed a sphinx
  3475 | D        | Reached skill level 10 in Dodging
  3481 | D        | Noticed a fire giant
  3488 | D        | Noticed a stone giant
  3493 | D        | Killed an iron dragon
  3497 | D        | Noticed a frost giant
  3528 | D        | Killed a fire giant
  3536 | D        | Killed a stone giant
  3543 | D        | Killed a frost giant
  3548 | D        | Noticed a fire giant
  3555 | D        | Killed a fire giant
  3610 | D        | Noticed a vampire knight
  3618 | D        | Killed a vampire knight
  3619 | D        | Reached skill level 10 in Evocations
  3662 | D        | Noticed a tentacled monstrosity
  3672 | D        | Killed a tentacled monstrosity
  3854 | D        | Noticed an ironbound preserver
  3887 | D        | Killed an ironbound preserver
  3916 | D        | Noticed a vault warden
  3918 | D        | Noticed a vault warden
  3923 | D        | Noticed an ironbound preserver
  3930 | D        | Killed a vault warden
  3941 | D        | Killed a vault warden
  3944 | D        | Killed an ironbound preserver
  3948 | D        | Noticed an ironbound thunderhulk
  3951 | D        | Noticed an ironbound preserver
  3956 | D        | Reached skill level 15 in Shields
  3974 | D        | Killed an ironbound preserver
  3981 | D        | Killed an ironbound thunderhulk
  4189 | D        | Bought the +7 lajatang of Order {silver, rMut} for 2191
                  | gold pieces
  4189 | D        | Found the +7 lajatang of Order {silver, rMut}
  4189 | D        | Bought a phial of floods for 1400 gold pieces
  4189 | D        | Bought a piece from Xom's chessboard (15/15) for 700 gold
                  | pieces
  4337 | D        | Noticed Jory
  4354 | D        | HP: 5/160 [Jory/+3 heavy battleaxe (35)]
  4354 | D        | HP: 1/160 [Jory/+3 heavy battleaxe (4)]
  4358 | D        | Killed Jory
  4651 | D        | Noticed Mennas
  4678 | D        | HP: 3/243 [Mennas/+0 sacred scourge of holy wrath (15)]
  4681 | D        | HP: 1/243 [Mennas/+0 sacred scourge of holy wrath (3)]
  4685 | D        | Slain by Mennas

Illustrated notes

Levels and vault maps discovered:
D:        linesprint [early_d, line_temple, items_1, d_10, items_2, lair_1,
          lair_end, items_3, orc_1, orc_end, items_4, d_15, swamp_1, shoals_1,
          snake_1, spider_1, d_20, vaults_1, items_5, swamp_end, shoals_end,
          snake_end, spider_end, vaults_end, d_27, items_6, zot_1, zot_end,
          crypt_end, forest_end, elf_end, slime_end, tomb_end, abyss_end,
          pan_hell_end]

Skill      XL: |  1  2  3  4  5  6  7  8  9 10 11 12 13 14 |
---------------+-------------------------------------------+-----
Polearms       | 5 8 9 11 12 14 16 19 21 24 27 | 27.0
Fighting       | 5 6 7 9 11 12 14 16 18 21 23 25 | 25.0
Armour         | 5 6 7 9 11 12 14 16 18 21 23 25 | 25.0
Dodging        | 1 9 14 | 14.0
Shields        | 4 11 15 | 15.6
Evocations     | 1 8 11 | 11.9

Action                     |  1- 3 |  4- 6 |  7- 9 | 10-12 | 13-15 || total
---------------------------+-------+-------+-------+-------+-------++-------
  Melee: Trident           |    23 |     5 |       |       |       ||    28
         Headbutt          |     3 |     3 |    13 |    63 |   102 ||   184
         Halberd           |       |    11 |    50 |   305 |   471 ||   837
 Invoke: Call Merchant     |       |       |       |     5 |     2 ||     7
  Evoke: Wand              |       |       |       |       |     4 ||     4
    Use: Potion            |     1 |       |     2 |     4 |    15 ||    22
         Scroll            |       |       |       |     4 |     7 ||    11
   Stab: Distracted        |       |       |       |     7 |     6 ||    13
 Armour: Scale mail        |     2 |       |       |       |       ||     2
         Chain mail        |       |     3 |    10 |    24 |       ||    37
         Plate armour      |       |       |       |    21 |       ||    21
         Gold dragon scale |       |       |       |    74 |   296 ||   370
  Dodge: Dodged            |     8 |     3 |    12 |    47 |   119 ||   189
  Block: Buckler           |     5 |     1 |       |       |       ||     6
